 Dungeon Crawl Stone Soup version 0.20-a0-641-g673355a (webtiles) character file.

883 Kidiri the Conjurer (level 7, -5/57 HPs)
             Began as a Black Draconian Conjurer on Feb 13, 2017.
             Slain by Pikel
             ... wielding a +2 whip of flaming
              (7 damage)
             ... on level 5 of the Dungeon.
             The game lasted 00:25:42 (6618 turns).

Kidiri the Conjurer (Black Draconian Conjurer)      Turns: 6618, Time: 00:25:43

Health: -5/57      AC:  6    Str: 11    XL:     7   Next: 76%
Magic:  4/14       EV: 13    Int: 17    God:
Gold:   287        SH:  0    Dex: 11    Spells: 0/15 levels left

rFire    . . .     SeeInvis .   g - +3 dagger
rCold    . . .     Gourm    .   (armour unavailable)
rNeg     . . .     Faith    +   (no shield)
rPois    .         Spirit   .   (helmet restricted)
rElec    +         Reflect  .   (no cloak)
rCorr    .         Harm     .   (no gloves)
MR       .....                  (no boots)
Stlth    ++........             o - amulet of faith
Regen    0.2/turn               (no ring)
MPRegen  0.2/turn               (no ring)

@: short of breath
A: breathe lightning, unfitting armour, electricity resistance, cold-blooded, AC
+6
a: Breathe Lightning


You were on level 5 of the Dungeon.
You were hungry.

You visited 1 branch of the dungeon, and saw 5 of its levels.

You collected 287 gold pieces.

Inventory:

Hand Weapons
 g - a +3 dagger (weapon)
Jewellery
 o - an amulet of faith (around neck)
Scrolls
 p - a scroll of fog
 r - 2 scrolls of magic mapping
 s - a scroll of fear
Potions
 c - 4 potions of curing
 d - a potion of magic
 e - a potion of haste {unknown}
 i - 2 potions of berserk rage {unknown}
 j - a potion of cancellation {unknown}
 l - 5 potions of might {unknown}
 m - 2 potions of heal wounds {unknown}
 q - a potion of mutation {unknown}
Books
 a - a book of Conjurations

   Spells                             Type                      Level
   a - Magic Dart                     Conjuration                  1
   b - Searing Ray                    Conjuration                  2
   c - Dazzling Spray                 Conjuration/Hexes            3
   d - Fulminant Prism                Conjuration/Hexes            4
   e - Force Lance                    Conjuration/Translocation    4
   f - Iskenderun's Mystic Blast      Conjuration                  4
 n - a book of the Dragon

   Spells                             Type                      Level
   a - Flame Tongue                   Conjuration/Fire             1
   b - Cause Fear                     Hexes                        4
   c - Bolt of Fire                   Conjuration/Fire             6
   d - Dragon Form                    Transmutation                7
   e - Dragon's Call                  Summoning                    9
Comestibles
 b - 8 bread rations
 f - 3 meat rations
 k - 2 royal jellies


   Skills:
 + Level 3.5 Fighting
 + Level 2.7 Short Blades
 + Level 3.1 Dodging
 - Level 1.7 Stealth
 * Level 4.7 Spellcasting
 + Level 5.7 Conjurations
 + Level 2.4 Fire Magic


You couldn't memorise any spells.
You knew the following spells:

 Your Spells              Type           Power        Failure   Level  Hunger
a - Magic Dart            Conj           ###.         1%          1    None
b - Searing Ray           Conj           ###...       2%          2    #......
c - Dazzling Spray        Conj/Hex       ##....       14%         3    ###....
d - Flame Tongue          Conj/Fire      ###..        2%          1    None
e - Iskenderun's Mystic   Conj           ###.....     17%         4    ####...
f - Force Lance           Conj/Tloc      ##......     45%         4    ####...


Dungeon Overview and Level Annotations

Branches:
Dungeon (5/15)
 Temple: D:4-7

Altars:
Qazlal
Ru

Annotations:
D:5 Pikel


Innate Abilities, Weirdness & Mutations

You can breathe wild blasts of lightning.
Your glossy black scales are hard. (AC +6)
You cannot fit into any form of body armour.
You are resistant to electric shocks. (rElec)
You are cold-blooded and may be slowed by cold attacks.


Message History

* * * LOW HITPOINT WARNING * * *
You closely miss Pikel.
Pikel is heavily wounded.
Pikel checks his coin pouch and frowns.
Pikel hits you with a whip of flaming.
* * * LOW HITPOINT WARNING * * *
Pikel burns you.
* * * LOW HITPOINT WARNING * * *
You hit Pikel.
Pikel is severely wounded.
Pikel hits you with a whip of flaming!
* * * LOW HITPOINT WARNING * * *
Pikel burns you.
* * * LOW HITPOINT WARNING * * *
You hit Pikel but do no damage.
Your tail-slap misses Pikel.
Pikel is severely wounded.
You hit Pikel but do no damage.
Pikel is severely wounded.
Pikel hits you with a whip of flaming!
You die...

#.......#.#.#
#.##.##.#.#.#
#.#...#.#.#.#
...._.......#
#.#...#.#.###
#.##.##.#.# #
.ยง....#.#
#.####5####.#
#.....lSpK@.#
######p######
#..# #[## #l#
#S# .p# ...
#...


You could see Pikel, 2 slaves, a crimson imp, an adder and a leopard gecko.

Vanquished Creatures
  The ghost of hittemvvvhard the Shield-Bearer, an amateur GrFi (D:3)
  A slave (D:5)
  Blork the orc (D:4)
  A scorpion (D:4)
  A howler monkey (D:4)
  A crimson imp (D:4)
  3 orc priests
  2 bullfrog skeletons (D:4)
  A centaur skeleton (D:4)
  An orc wizard (D:5)
  An iguana (D:4)
  A worker ant (D:4)
  A hound skeleton (D:4)
  A worker ant zombie (D:5)
  Robin (D:3)
  6 gnolls (D:3)
  11 adders
  2 oozes
  An adder skeleton (D:4)
  6 worms
  2 dart slugs
  12 orcs
  14 goblins
  8 hobgoblins
  3 jackals (D:4)
  6 kobolds
  3 quokkas
  2 ball pythons
  13 bats
  4 frilled lizards
  3 giant cockroaches
  2 leopard gecko skeletons (D:4)
  9 rats
125 creatures vanquished.

Notes
Turn   | Place    | Note
-------+----------+-------------------------------------------
     0 | D:1      | Kidiri the Draconian Conjurer began the quest for the Orb.
     0 | D:1      | Reached XP level 1. HP: 14/14 MP: 3/3
   252 | D:1      | Reached XP level 2. HP: 20/20 MP: 1/5
   256 | D:1      | Learned a level 2 spell: Searing Ray
  1207 | D:2      | Reached XP level 3. HP: 22/26 MP: 1/7
  1212 | D:2      | Learned a level 3 spell: Dazzling Spray
  1843 | D:2      | Reached XP level 4. HP: 20/33 MP: 1/8
  2096 | D:2      | Learned a level 1 spell: Flame Tongue
  2306 | D:2      | Reached skill level 1 in Fighting
  2613 | D:3      | Noticed hittemvvvhard's ghost (amateur GrFi)
  2762 | D:3      | Reached skill level 1 in Short Blades
  2762 | D:3      | Reached XP level 5. HP: 40/40 MP: 5/10
  2864 | D:3      | Noticed Robin
  3083 | D:3      | Killed Robin
  3654 | D:3      | Reached skill level 5 in Conjurations
  3654 | D:3      | Reached skill level 1 in Fire Magic
  3845 | D:3      | Reached XP level 6. HP: 44/48 MP: 1/11
  3851 | D:3      | Learned a level 4 spell: Iskenderun's Mystic Blast
  4253 | D:3      | Killed hittemvvvhard's ghost
  4880 | D:4      | Your scales start taking on a glossy black colour.
  4880 | D:4      | Reached XP level 7. HP: 56/56 MP: 10/13
  4880 | D:4      | Gained mutation: You are resistant to electric shocks. (rElec) [Black Draconian growth]
  4980 | D:4      | Found a stormy altar of Qazlal.
  5262 | D:4      | Learned a level 4 spell: Force Lance
  5979 | D:5      | Entered Level 5 of the Dungeon
  5979 | D:5      | Noticed Blork the orc
  5991 | D:4      | Killed Blork the orc
  6562 | D:5      | Found a sacrificial altar of Ru.
  6582 | D:5      | Noticed Pikel
  6616 | D:5      | HP: 2/57 [Pikel/whip of flaming (2)]
  6618 | D:5      | Slain by Pikel

Vault maps used:
D:1:      lightli_arrival_noodles, serial_forest, infiniplex_forest_clump_small,
          infiniplex_forest_lined_corner, infiniplex_forest_end_2,
          infiniplex_forest_zigzag_1, infiniplex_forest_lined_3_way,
          infiniplex_forest_clump_C, infiniplex_forest_clump_small,
          infiniplex_forest_lined_2, infiniplex_forest_lined_3
D:3:      first_bread, uniq_robin
D:4:      kennysheep_mini_moat
D:5:      nicolae_ru_sacrificial_ziggurat, uniq_blork_the_orc, uniq_pikel

Skill      XL: |  1  2  3  4  5  6  7 |
---------------+----------------------+-----
Spellcasting   | 3 4 |  4.7
Dodging        | 2 3 |  3.1
Fighting       | 1 2 3 |  3.5
Short Blades   | 1 2 |  2.7
Conjurations   | 5 |  5.7
Fire Magic     | 1 2 |  2.4
Stealth        | |  1.7

Action                   |  1- 3 |  4- 6 |  7- 9 || total
-------------------------+-------+-------+-------++-------
Melee: Dagger            |    17 |    38 |    70 ||   125
       Whip              |     2 |       |       ||     2
       Tailslap          |     2 |     2 |     9 ||    13
 Cast: Magic Dart        |    72 |   152 |    49 ||   273
       Searing Ray       |     4 |    10 |     2 ||    16
       Iskenderun's Myst |       |     1 |       ||     1
       Dazzling Spray    |       |       |     9 ||     9
 Abil: Breathe Lightning |       |       |     2 ||     2
  Use: Scroll            |     6 |     7 |     2 ||    15
 Stab: Sleeping          |     2 |       |       ||     2
       Invisible         |       |       |     1 ||     1
  Eat: Chunk             |     4 |    10 |     5 ||    19
Armor: Skin              |    11 |    26 |    11 ||    48
Dodge: Dodged            |    30 |    54 |    57 ||   141
